AoeStats
← VL LocoBarry

Nomad

509692348Analyzed
4v4 RM · 4d ago on Sep 27, 2026· 35m 4s· 8 players
Game mode
Random Map
Map size
231×231
Population
200
Speed
Normal
Resources
Standard
Victory
Conquest
Starting age
Dark Age
Ending age
Imperial Age
RankedLock teamsTeams togetherTeam positionsShared explorationLock speedFull tech treeHidden civsTurbo modeCheats
Victory
Defeat
🇹🇼 Goths · Taiwan
1680
+13
🇭🇰 Byzantines · Hong Kong SAR China
1642
+15
🇹🇼 Berbers · Taiwan
1619
+16
🇹🇼 Malay · Taiwan
1598
+17
🇨🇱 Bulgarians · Chile
1723
-20
🇺🇸 Hindustanis · United States
1639
-16
🇲🇽 Koreans · Mexico
1554
-13
🇲🇽 Cumans · Mexico
1539
-12
VL Carlos Manzo
10:19 Loom
11:21 Loom
13:35 Feudal Age
15:00 Fletching
21:09 Castle Age
22:57 Medium Warships
22:57 Bodkin Arrow
VL Bob
5:14 Loom
12:52 Feudal Age
13:28 Double-Bit Axe
23:46 Wheelbarrow
26:32 Castle Age
31:18 Imperial Age
VL SlenderMan
3:27 Loom
13:15 Feudal Age
17:10 Castle Age
16:20 Double-Bit Axe
16:58 Fishing Lines
19:58 Wheelbarrow
20:20 Horse Collar
23:24 Bow Saw
24:58 Bloodlines
25:26 Scale Barding Armor
26:40 Chain Barding Armor
26:30 Husbandry
28:11 Gold Mining
36:05 Imperial Age
35:55 Gold Shaft Mining
VL LocoBarry
9:09 Loom
11:56 Feudal Age
12:55 Double-Bit Axe
13:14 Arson
27:26 Castle Age
25:45 Horse Collar
28:14 Fletching
Umi
12:24 Feudal Age
13:24 Double-Bit Axe
19:14 Loom
22:37 Castle Age
23:47 Medium Warships
23:48 Bow Saw
25:47 Fishing Lines
27:52 Horse Collar
29:33 Gillnets
35:04 Imperial Age
33:11 Wheelbarrow
32:21 Town Watch
33:21 Wheelbarrow
32:38 Gold Mining
32:38 Stone Mining
33:44 Scale Mail Armor
35:30 Hand Cart
35:34 Chain Mail Armor
35:22 Squires
34:50 Pikeman
hide1914
12:26 Loom
15:17 Feudal Age
20:44 Castle Age
18:36 Fletching
20:09 Gold Mining
20:56 Crossbowman
21:58 Bodkin Arrow
22:14 Fishing Lines
22:36 Double-Bit Axe
23:31 Padded Archer Armor
23:42 Bow Saw
25:30 Stone Mining
26:06 Gillnets
26:49 Horse Collar
26:57 Horse Collar
28:54 Leather Archer Armor
29:52 Wheelbarrow
30:27 Ballistics
34:46 Imperial Age
35:31 Bracer
34:52 Arbalester
35:37 Caravan
羅鈸棒
9:03 Loom
12:47 Loom
14:43 Feudal Age
15:36 Double-Bit Axe
18:02 Castle Age
15:49 Fishing Lines
16:11 Double-Bit Axe
17:28 Scale Barding Armor
18:37 Bow Saw
19:32 Gold Mining
19:33 Town Watch
23:30 Gillnets
24:37 Forging
25:37 Husbandry
26:55 Wheelbarrow
29:43 Hand Cart
30:44 Devotion
30:32 Horse Collar
33:10 Medium Warships
JamCat
13:35 Feudal Age
12:40 Loom
17:08 Castle Age
15:45 Double-Bit Axe
18:22 Bow Saw
23:19 Fletching
24:09 Bodkin Arrow
Connection lost

Rejoining the realm…

Still unreachable

The connection could not be restored.

Session expired

The server has moved on; the page needs a fresh start.